NEW JERSEY vs CAROLINA

Created - Monday, November 20, 2017 at 05:59

Goals
1 2 3 T
NEW JERSEY 0 0 4 4
CAROLINA 0 0 0 0
Shots
1 2 3 T
NEW JERSEY 17 8 15 40
CAROLINA 4 7 8 19

1st period

No Goal

Penalties :
Thomas Hickey (CAR) for Boarding (Minor) at 1:01, Antoine Roussel (CAR) for Checking from behind (Minor) at 11:39, Luke Schenn (CAR) for Holding Stick (Minor) at 13:22, Zach Parise (CAR) for Interference (Minor) at 17:06

2nd period

No Goal

Penalties :
Dion Phaneuf (NJ ) for Tripping (Minor) at 12:56, Luke Schenn (CAR) for Interference (Minor) at 17:09

3rd period

1. NEW JERSEY , Anders Lee 4 (Ryan Kesler 7, Dion Phaneuf 6) at 7:16
2. NEW JERSEY , Ryan Kesler 8 (Patric Hornqvist 3, Dmitry Orlov 8) at 9:20
3. NEW JERSEY , Jake Muzzin 3 (Mikael Granlund 11, Patrick Sharp 4) at 15:19
4. NEW JERSEY , Evander Kane 6 (Mikael Granlund 12, Jake Muzzin 4) at 16:16

Penalties :
Jeff Petry (NJ ) for Hooking (Minor) at 17:30, Jake Guentzel (NJ ) for Roughing (Double Minor) at 19:58

Goalie Stats

Matt Murray (NJ ), 19 saves from 19 shots - (1.000), W, 7-7-3, 60:00 minutes
Sergei Bobrovsky (CAR), 36 saves from 40 shots - (0.900), L, 11-3-0, 60:00 minutes

Players Stats for NEW JERSEY

Player Name              G  A  P  +/- PIM S  H  SB GA TA FO     MP     PP MP  PK MP  
------------------------------------------------------------------------------------
Anders Lee               1  0  1   2  0   5  2  0  0  0  0/2    21:05   4:43   0:00 
Andrew Copp              0  0  0   0  0   0  0  0  0  0  0/0     5:46   0:00   0:00 
Anthony Duclair          0  0  0   0  0   0  0  0  0  0  1/1    10:39   0:00   0:00 
Colin Miller             0  0  0   0  0   1  0  0  0  0  0/0    13:31   0:00   0:58 
Dion Phaneuf             0  1  1   1  2   2  5  0  0  0  0/0    24:32   5:01   0:36 
Dmitry Orlov             0  1  1   3  0   2  1  4  0  0  0/0    21:50   4:38   2:19 
Dougie Hamilton          0  0  0   1  0   2  1  0  0  0  0/0    22:52   5:01   1:40 
Evander Kane             1  0  1   2  0   2  5  0  0  0  1/1    18:31   4:56   0:00 
Jake Guentzel            0  0  0   0  4   0  0  0  0  0  1/4     5:45   0:00   0:00 
Jake Muzzin              1  1  2   3  0   3  2  3  0  0  0/0    21:50   4:38   2:19 
Jeff Petry               0  0  0   0  2   0  2  2  0  0  0/0    12:32   0:00   0:00 
Josh Anderson            0  0  0   0  0   0  0  0  0  0  0/0     5:46   0:00   0:00 
Mikael Granlund          0  2  2   2  0   6  0  0  0  0  9/25   21:30   4:56   2:59 
Patric Hornqvist         0  1  1   2  0   2  3  0  0  0  1/1    21:59   4:43   0:54 
Patrick Sharp            0  1  1   2  0   3  0  0  0  0  1/1    18:31   4:56   0:00 
Patrick Wiercioch        0  0  0   0  0   0  1  0  0  0  0/0     2:51   0:00   0:06 
Ryan Kesler              1  1  2   2  0   7  2  0  0  0  21/40  23:47   4:43   2:42 
Ryan Nugent-Hopkins      0  0  0   0  0   2  0  0  0  0  9/16   11:33   0:00   0:54 
Tom Kuhnhackl            0  0  0   0  0   3  1  0  0  0  0/0    11:08   0:00   0:29 

Players Stats for CAROLINA

Player Name              G  A  P  +/- PIM S  H  SB GA TA FO     MP     PP MP  PK MP  
------------------------------------------------------------------------------------
Alexander Steen          0  0  0  -2  0   1  0  0  0  0  0/0    20:33   2:00   3:03 
Antoine Roussel          0  0  0   0  2   0  2  0  0  0  0/1    11:35   0:00   0:00 
Blake Comeau             0  0  0   0  0   1  0  0  0  0  0/0     5:30   0:00   0:00 
Brent Burns              0  0  0  -2  0   3  1  3  0  0  0/0    25:15   2:19   5:04 
Claude Giroux            0  0  0  -2  0   3  1  0  0  0  19/32  20:32   1:59   3:03 
Luke Schenn              0  0  0  -2  4   0  4  0  0  0  0/0    19:03   1:40   2:47 
Michael Cammalleri       0  0  0   0  0   0  0  0  0  0  1/1    11:36   0:00   0:00 
Michael Grabner          0  0  0  -2  0   1  1  1  0  0  0/2    15:45   1:59   0:00 
Patrice Bergeron         0  0  0  -2  0   2  2  2  0  0  9/15   22:06   2:00   6:20 
Paul Martin              0  0  0   0  0   0  1  1  0  0  0/0    13:53   0:00   0:00 
Scottie Upshall          0  0  0   0  0   1  0  0  0  0  0/0     5:30   0:00   0:00 
Shane Prince             0  0  0   0  0   0  0  0  0  0  5/9     5:30   0:00   0:00 
Shayne Gostisbehere      0  0  0  -2  0   0  0  2  0  0  0/0    20:52   1:40   4:35 
Shea Weber               0  0  0  -2  0   1  3  0  0  0  0/0    25:15   2:19   5:04 
Thomas Hickey            0  0  0   0  2   0  2  2  0  0  0/0    15:39   0:00   1:47 
Torrey Mitchell          0  0  0   0  0   1  0  0  0  0  6/13   11:56   0:00   0:20 
Vladimir Tarasenko       0  0  0  -2  0   5  1  0  0  0  7/17   23:46   2:00   6:16 
Zach Parise              0  0  0  -2  2   0  1  0  0  0  0/1    15:44   1:59   0:00 

3 Stars

1 - Jake Muzzin (NJ )
2 - Ryan Kesler (NJ )
3 - Evander Kane (NJ )

Power Play

NEW JERSEY - 0 on 5 Attempt(s) - 0.00%
CAROLINA - 0 on 4 Attempt(s) - 0.00%

Penalty Kill

NEW JERSEY - 4 on 4 Attempt(s) - 100.00% - Score 0 goal in Penalty Kill
CAROLINA - 5 on 5 Attempt(s) - 100.00% - Score 0 goal in Penalty Kill

Team Stat

NEW JERSEY - Hits : 25 - Faceoff Wins : 44 - Blocked Shots : 9 - Penalty Minutes : 8
CAROLINA - Hits : 19 - Faceoff Wins : 47 - Blocked Shots : 11 - Penalty Minutes : 10

Official

Referees : Unknown
Linesman : Unknown

Game Notes

No Game Note

Finance

Level 1 -- Attendance: 4703 (78.38%) -- Ticket Income $470,300
Level 2 -- Attendance: 3811 (76.22%) -- Ticket Income $228,660
Level 3 -- Attendance: 1911 (95.55%) -- Ticket Income $66,885
Level 4 -- Attendance: 3466 (86.65%) -- Ticket Income $69,320
Luxury Box -- Attendance: 658 (65.80%) -- Ticket Income $131,600
Game was played at the PNC Center.
Total Attendance: 14549 (80.83%)
Total Ticket Income: $966,765
Total Income: $966,765

NEW JERSEY

5 vs 5 Forward 
   Center                   Left Wing                Right Wing               Time % Phy DF OF 
 1 Ryan Kesler              Anders Lee               Patric Hornqvist         35     1   2  2  
 2 Mikael Granlund          Evander Kane             Patrick Sharp            30     1   2  2  
 3 Ryan Nugent-Hopkins      Anthony Duclair          Tom Kuhnhackl            25     1   2  2  
 4 Jake Guentzel            Josh Anderson            Andrew Copp              10     1   2  2  

5 vs 5 Defense 
   Defense                  Defense                                           Time % Phy DF OF 
 1 Dion Phaneuf             Dougie Hamilton                                   35     1   2  2  
 2 Jake Muzzin              Dmitry Orlov                                      30     1   2  2  
 3 Jeff Petry               Colin Miller                                      25     1   2  2  
 4 Patrick Wiercioch        Dion Phaneuf                                      10     1   2  2  

PowerPlay Forward 
   Center                   Left Wing                Right Wing               Time % Phy DF OF 
 1 Ryan Kesler              Anders Lee               Patric Hornqvist         60     1   2  2  
 2 Mikael Granlund          Evander Kane             Patrick Sharp            40     1   2  2  

PowerPlay Defense
   Defense                  Defense                                           Time % Phy DF OF 
 1 Dion Phaneuf             Dougie Hamilton                                   60     1   2  2  
 2 Jake Muzzin              Dmitry Orlov                                      40     1   2  2  

Penalty Kill 4 Players Forward 
   Center                   Wing                     Time % Phy DF OF 
 1 Ryan Kesler              Mikael Granlund          60     1   2  2  
 2 Ryan Nugent-Hopkins      Patric Hornqvist         40     1   2  2  

Penalty Kill 4 Players Defense
   Defense                  Defense                  Time % Phy DF OF 
 1 Dion Phaneuf             Dougie Hamilton          60     1   2  2  
 2 Jake Muzzin              Dmitry Orlov             40     1   2  2  

Penalty Kill - 3 Players Forward 
   Forward                                           Time % Phy DF OF 
 1 Ryan Kesler                                       60     1   2  2  
 2 Mikael Granlund                                   40     1   2  2  

Penalty Kill - 3 Players Defense
   Defense                  Defense                  Time % Phy DF OF 
 1 Dion Phaneuf             Dougie Hamilton          60     1   2  2  
 2 Jake Muzzin              Dmitry Orlov             40     1   2  2  

4 vs 4 Forward 
   Center                   Wing                     Time % Phy DF OF 
 1 Ryan Kesler              Mikael Granlund          60     1   2  2  
 2 Ryan Nugent-Hopkins      Patric Hornqvist         40     1   2  2  

4 vs 4 Defense
   Defense                  Defense                  Time % Phy DF OF 
 1 Dion Phaneuf             Dougie Hamilton          60     1   2  2  
 2 Jake Muzzin              Dmitry Orlov             40     1   2  2  

Last Minutes Offensive
   Center                   Left Wing                Right Wing               Defense                  Defense                  
   Ryan Kesler              Anders Lee               Patric Hornqvist         Dion Phaneuf             Dougie Hamilton          

Last Minutes Defensive
   Center                   Left Wing                Right Wing               Defense                  Defense                  
   Ryan Kesler              Anders Lee               Patric Hornqvist         Dion Phaneuf             Dougie Hamilton          

Goaltenders
Starting : Matt Murray              
Backup : Jonathan Bernier         

Extra Forwards
Normal : Andrew Copp, Jake Guentzel, Tom Kuhnhackl - PP : Andrew Copp, Jake Guentzel - PK : Tom Kuhnhackl
Extra Defensemen
Normal : Jeff Petry, Colin Miller, Patrick Wiercioch - PP : Jeff Petry - PK : Colin Miller, Patrick Wiercioch
Penalty Shots
Ryan Kesler, Mikael Granlund, Ryan Nugent-Hopkins, Patric Hornqvist, Anders Lee

Scratches
Dmitrij Jaskin (Healthy), Andrew Agozzino (Healthy), Christian Thomas (Healthy), Mike Halmo (Healthy), Eddie Pasquale (Healthy)

CAROLINA

5 vs 5 Forward 
   Center                   Left Wing                Right Wing               Time % Phy DF OF 
 1 Claude Giroux            Alexander Steen          Vladimir Tarasenko       35     0   0  5  
 2 Patrice Bergeron         Zach Parise              Michael Grabner          30     1   2  2  
 3 Torrey Mitchell          Antoine Roussel          Michael Cammalleri       25     1   2  2  
 4 Shane Prince             Blake Comeau             Scottie Upshall          10     1   4  0  

5 vs 5 Defense 
   Defense                  Defense                                           Time % Phy DF OF 
 1 Shea Weber               Brent Burns                                       35     1   2  2  
 2 Luke Schenn              Shayne Gostisbehere                               30     1   2  2  
 3 Paul Martin              Thomas Hickey                                     25     1   2  2  
 4 Shea Weber               Brent Burns                                       10     1   2  2  

PowerPlay Forward 
   Center                   Left Wing                Right Wing               Time % Phy DF OF 
 1 Patrice Bergeron         Alexander Steen          Vladimir Tarasenko       60     0   0  5  
 2 Claude Giroux            Zach Parise              Michael Grabner          40     0   0  5  

PowerPlay Defense
   Defense                  Defense                                           Time % Phy DF OF 
 1 Shea Weber               Brent Burns                                       60     0   0  5  
 2 Luke Schenn              Shayne Gostisbehere                               40     0   0  5  

Penalty Kill 4 Players Forward 
   Center                   Wing                     Time % Phy DF OF 
 1 Vladimir Tarasenko       Patrice Bergeron         60     1   4  0  
 2 Claude Giroux            Alexander Steen          40     1   4  0  

Penalty Kill 4 Players Defense
   Defense                  Defense                  Time % Phy DF OF 
 1 Shea Weber               Brent Burns              60     1   4  0  
 2 Luke Schenn              Shayne Gostisbehere      40     1   4  0  

Penalty Kill - 3 Players Forward 
   Forward                                           Time % Phy DF OF 
 1 Vladimir Tarasenko                                60     1   4  0  
 2 Patrice Bergeron                                  40     1   4  0  

Penalty Kill - 3 Players Defense
   Defense                  Defense                  Time % Phy DF OF 
 1 Shea Weber               Brent Burns              60     1   4  0  
 2 Luke Schenn              Shayne Gostisbehere      40     1   4  0  

4 vs 4 Forward 
   Center                   Wing                     Time % Phy DF OF 
 1 Vladimir Tarasenko       Patrice Bergeron         60     1   2  2  
 2 Claude Giroux            Alexander Steen          40     1   2  2  

4 vs 4 Defense
   Defense                  Defense                  Time % Phy DF OF 
 1 Shea Weber               Brent Burns              60     1   2  2  
 2 Luke Schenn              Shayne Gostisbehere      40     1   2  2  

Last Minutes Offensive
   Center                   Left Wing                Right Wing               Defense                  Defense                  
   Patrice Bergeron         Alexander Steen          Vladimir Tarasenko       Shea Weber               Brent Burns              

Last Minutes Defensive
   Center                   Left Wing                Right Wing               Defense                  Defense                  
   Patrice Bergeron         Alexander Steen          Vladimir Tarasenko       Shea Weber               Brent Burns              

Goaltenders
Starting : Sergei Bobrovsky         
Backup : Thomas Greiss            

Extra Forwards
Normal : Michael Cammalleri, Antoine Roussel, Torrey Mitchell - PP : Michael Cammalleri, Antoine Roussel - PK : Torrey Mitchell
Extra Defensemen
Normal : Paul Martin, Thomas Hickey, Luke Schenn - PP : Paul Martin - PK : Thomas Hickey, Luke Schenn
Penalty Shots
Vladimir Tarasenko, Patrice Bergeron, Claude Giroux, Alexander Steen, Zach Parise

Scratches
Tomas Hyka (Healthy)

% Time on Ice - NEW JERSEY

Lines # - Real PCT - Wanted PCT - Time Play
Normal Forward
1 - 35% - 35% - 16:22
2 - 29% - 30% - 13:35
3 - 23% - 25% - 10:39
4 - 12% - 10% - 5:46
Normal Defense
1 - 35% - 35% - 16:11
2 - 32% - 30% - 14:53
3 - 27% - 25% - 12:33
4 - 6% - 10% - 2:45
PP Forward
1 - 49% - 60% - 4:43
2 - 51% - 40% - 4:56
PP Defense
1 - 52% - 60% - 5:01
2 - 48% - 40% - 4:38
PK Forward
1 - 77% - 60% - 3:05
2 - 23% - 40% - 0:54
PK Defense
1 - 42% - 60% - 1:40
2 - 58% - 40% - 2:19
PK3 Forward
1 - 0% - 60%
2 - 0% - 40%
PK3 Defense
1 - 0% - 60%
2 - 0% - 40%
44 Forward
1 - 0% - 60%
2 - 0% - 40%
44 Defense
1 - 0% - 60%
2 - 0% - 40%
Last Minute Offensive  - 0:00
Last Minute Defensive  - 0:00
Total
Forward - 60:00
Defense - 60:00

% Time on Ice - CAROLINA

Lines # - Real PCT - Wanted PCT - Time Play
Normal Forward
1 - 33% - 35% - 15:30
2 - 30% - 30% - 13:46
3 - 25% - 25% - 11:36
4 - 12% - 10% - 5:30
Normal Defense
1 - 35% - 35% - 16:06
2 - 32% - 30% - 14:37
3 - 30% - 25% - 13:53
4 - 4% - 10% - 1:46
PP Forward
1 - 50% - 60% - 2:00
2 - 50% - 40% - 1:59
PP Defense
1 - 58% - 60% - 2:19
2 - 42% - 40% - 1:40
PK Forward
1 - 67% - 60% - 6:20
2 - 33% - 40% - 3:03
PK Defense
1 - 51% - 60% - 4:48
2 - 49% - 40% - 4:35
PK3 Forward
1 - 100% - 60% - 0:16
2 - 0% - 40% - 0:00
PK3 Defense
1 - 100% - 60% - 0:16
2 - 0% - 40% - 0:00
44 Forward
1 - 0% - 60%
2 - 0% - 40%
44 Defense
1 - 0% - 60%
2 - 0% - 40%
Last Minute Offensive  - 0:00
Last Minute Defensive  - 0:00
Total
Forward - 60:00
Defense - 60:00

Play by Play

1st period


0:01 of 1st period - Claude Giroux wins face-off versus Ryan Kesler in neutral zone.
0:08 of 1st period - Shot by Claude Giroux.
0:08 of 1st period - Stopped by Matt Murray without a rebound.
0:09 of 1st period - Patrice Bergeron wins face-off versus Mikael Granlund in NEW JERSEY zone.
0:21 of 1st period - Dmitry Orlov is hit by Luke Schenn and loses puck.
0:30 of 1st period - Shot by Dmitry Orlov.
0:30 of 1st period - Stopped by Sergei Bobrovsky without a rebound.
0:31 of 1st period - Torrey Mitchell wins face-off versus Ryan Nugent-Hopkins in CAROLINA zone.
1:01 of 1st period - Minor Penalty to Thomas Hickey for Boarding.
1:02 of 1st period - Ryan Kesler wins face-off versus Vladimir Tarasenko in CAROLINA zone.
1:14 of 1st period - Off-side.
1:15 of 1st period - Evander Kane wins face-off versus Vladimir Tarasenko in neutral zone.
1:23 of 1st period - Jake Muzzin is hit by Patrice Bergeron and loses puck.
3:03 of 1st period - Shot by Colin Miller.
3:03 of 1st period - Stopped by Sergei Bobrovsky without a rebound.
3:04 of 1st period - Jake Guentzel wins face-off versus Shane Prince in CAROLINA zone.
4:29 of 1st period - Shot by Claude Giroux.
4:29 of 1st period - Shot Blocked by Jeff Petry.
5:04 of 1st period - Luke Schenn is hit by Dion Phaneuf and loses puck.
5:19 of 1st period - Icing by Ryan Kesler.
5:20 of 1st period - Michael Cammalleri wins face-off versus Ryan Kesler in NEW JERSEY zone.
5:23 of 1st period - Shot by Michael Cammalleri.
5:23 of 1st period - Shot Misses the Net.
5:25 of 1st period - Shot by Paul Martin.
5:25 of 1st period - Shot Misses the Net.
5:35 of 1st period - Thomas Hickey is hit by Ryan Kesler and loses puck.
5:41 of 1st period - Paul Martin is hit by Dion Phaneuf and loses puck.
6:10 of 1st period - Shot by Mikael Granlund.
6:10 of 1st period - Shot Misses the Net.
6:12 of 1st period - Shot by Mikael Granlund.
6:12 of 1st period - Stopped by Sergei Bobrovsky without a rebound.
6:13 of 1st period - Ryan Nugent-Hopkins wins face-off versus Claude Giroux in CAROLINA zone.
7:17 of 1st period - Michael Grabner is hit by Patrick Wiercioch and loses puck.
7:47 of 1st period - Shot by Patrice Bergeron.
7:47 of 1st period - Deflect By Michael Grabner.
7:47 of 1st period - Stopped by Matt Murray without a rebound.
7:48 of 1st period - Shane Prince wins face-off versus Anders Lee in NEW JERSEY zone.
8:08 of 1st period - Icing by Blake Comeau.
8:09 of 1st period - Shane Prince wins face-off versus Ryan Nugent-Hopkins in CAROLINA zone.
8:15 of 1st period - Icing by Paul Martin.
8:16 of 1st period - Shane Prince wins face-off versus Ryan Kesler in CAROLINA zone.
8:28 of 1st period - Icing by Paul Martin.
8:29 of 1st period - Mikael Granlund wins face-off versus Shane Prince in CAROLINA zone.
10:04 of 1st period - Icing by Ryan Kesler.
10:05 of 1st period - Ryan Kesler wins face-off versus Patrice Bergeron in NEW JERSEY zone.
10:57 of 1st period - Shot by Tom Kuhnhackl.
10:57 of 1st period - Shot Misses the Net.
10:59 of 1st period - Shot by Jeff Petry.
10:59 of 1st period - Shot Misses the Net.
11:13 of 1st period - Icing by Evander Kane.
11:14 of 1st period - Torrey Mitchell wins face-off versus Mikael Granlund in NEW JERSEY zone.
11:14 of 1st period - Torrey Mitchell is hit by Dion Phaneuf.
11:39 of 1st period - Minor Penalty to Antoine Roussel for Checking from behind.
11:40 of 1st period - Ryan Kesler wins face-off versus Vladimir Tarasenko in CAROLINA zone.
11:49 of 1st period - Shot by Jake Muzzin.
11:49 of 1st period - Shot Blocked by Patrice Bergeron.
11:51 of 1st period - Shot by Anders Lee.
11:51 of 1st period - Shot Misses the Net.
11:55 of 1st period - Shot by Jake Muzzin.
11:55 of 1st period - Stopped by Sergei Bobrovsky without a rebound.
11:56 of 1st period - Vladimir Tarasenko wins face-off versus Mikael Granlund in CAROLINA zone.
12:23 of 1st period - Shot by Dougie Hamilton.
12:23 of 1st period - Shot Misses the Net.
12:25 of 1st period - Shot by Patrick Sharp.
12:25 of 1st period - Stopped by Sergei Bobrovsky without a rebound.
12:26 of 1st period - Vladimir Tarasenko wins face-off versus Ryan Kesler in CAROLINA zone.
12:45 of 1st period - Shot by Anders Lee.
12:45 of 1st period - Shot Blocked by Brent Burns.
12:58 of 1st period - Shot by Ryan Kesler.
12:58 of 1st period - Stopped by Sergei Bobrovsky without a rebound.
12:59 of 1st period - Mikael Granlund wins face-off versus Claude Giroux in CAROLINA zone.
13:16 of 1st period - Shot by Mikael Granlund.
13:16 of 1st period - Shot Misses the Net.
13:18 of 1st period - Shot by Dougie Hamilton.
13:18 of 1st period - Stopped by Sergei Bobrovsky with a rebound.
13:20 of 1st period - Shot by Dion Phaneuf.
13:20 of 1st period - Stopped by Sergei Bobrovsky with a rebound.
13:22 of 1st period - Shot by Dion Phaneuf.
13:22 of 1st period - Stopped by Sergei Bobrovsky without a rebound.
13:22 of 1st period - Minor Penalty to Luke Schenn for Holding Stick.
13:23 of 1st period - Ryan Kesler wins face-off versus Vladimir Tarasenko in CAROLINA zone.
13:46 of 1st period - Shot by Patric Hornqvist.
13:46 of 1st period - Deflect By Ryan Kesler.
13:46 of 1st period - Stopped by Sergei Bobrovsky without a rebound.
13:47 of 1st period - Mikael Granlund wins face-off versus Vladimir Tarasenko in CAROLINA zone.
13:50 of 1st period - Shot by Mikael Granlund.
13:50 of 1st period - Stopped by Sergei Bobrovsky without a rebound.
13:51 of 1st period - Mikael Granlund wins face-off versus Vladimir Tarasenko in CAROLINA zone.
14:05 of 1st period - Icing by Dougie Hamilton.
14:06 of 1st period - Mikael Granlund wins face-off versus Vladimir Tarasenko in NEW JERSEY zone.
14:11 of 1st period - Vladimir Tarasenko is hit by Evander Kane and loses puck.
14:30 of 1st period - Shot by Mikael Granlund.
14:30 of 1st period - Stopped by Sergei Bobrovsky without a rebound.
14:31 of 1st period - Claude Giroux wins face-off versus Ryan Kesler in CAROLINA zone.
14:36 of 1st period - Shot by Claude Giroux.
14:36 of 1st period - Shot Misses the Net.
14:52 of 1st period - Shot by Ryan Kesler.
14:52 of 1st period - Shot Misses the Net.
14:54 of 1st period - Shot by Dmitry Orlov.
14:54 of 1st period - Stopped by Sergei Bobrovsky without a rebound.
14:55 of 1st period - Vladimir Tarasenko wins face-off versus Mikael Granlund in CAROLINA zone.
15:00 of 1st period - Evander Kane is hit by Patrice Bergeron and loses puck.
15:09 of 1st period - Shot by Dougie Hamilton.
15:09 of 1st period - Stopped by Sergei Bobrovsky without a rebound.
15:10 of 1st period - Vladimir Tarasenko wins face-off versus Ryan Kesler in CAROLINA zone.
15:25 of 1st period - Icing by Luke Schenn.
15:26 of 1st period - Torrey Mitchell wins face-off versus Ryan Nugent-Hopkins in CAROLINA zone.
15:44 of 1st period - Torrey Mitchell is hit by Dougie Hamilton and loses puck.
16:47 of 1st period - Shot by Vladimir Tarasenko.
16:47 of 1st period - Stopped by Matt Murray with a rebound.
16:49 of 1st period - Shot by Vladimir Tarasenko.
16:49 of 1st period - Shot Misses the Net.
16:51 of 1st period - Shot by Shea Weber.
16:51 of 1st period - Shot Misses the Net.
16:53 of 1st period - Shot by Claude Giroux.
16:53 of 1st period - Shot Hit the Post.
17:06 of 1st period - Minor Penalty to Zach Parise for Interference.
17:07 of 1st period - Vladimir Tarasenko wins face-off versus Mikael Granlund in CAROLINA zone.
17:20 of 1st period - Shot by Patrick Sharp.
17:20 of 1st period - Stopped by Sergei Bobrovsky without a rebound.
17:21 of 1st period - Patrick Sharp wins face-off versus Vladimir Tarasenko in CAROLINA zone.
18:41 of 1st period - Shot by Anders Lee.
18:41 of 1st period - Stopped by Sergei Bobrovsky without a rebound.
18:42 of 1st period - Vladimir Tarasenko wins face-off versus Mikael Granlund in CAROLINA zone.
19:15 of 1st period - Shot by Tom Kuhnhackl.
19:15 of 1st period - Stopped by Sergei Bobrovsky without a rebound.
19:16 of 1st period - Shane Prince wins face-off versus Jake Guentzel in CAROLINA zone.
19:35 of 1st period - Shot by Shane Prince.
19:35 of 1st period - Shot Misses the Net.
19:37 of 1st period - Shot by Scottie Upshall.
19:37 of 1st period - Stopped by Matt Murray without a rebound.
19:38 of 1st period - Ryan Kesler wins face-off versus Torrey Mitchell in NEW JERSEY zone.
19:46 of 1st period - Ryan Kesler is hit by Shea Weber.
Goals for this period are 0 for NEW JERSEY vs 0 for CAROLINA.
Shots for this period are 17 for NEW JERSEY vs 4 for CAROLINA.

2nd period


0:01 of 2nd period - Claude Giroux wins face-off versus Ryan Kesler in neutral zone.
0:12 of 2nd period - Shot by Anders Lee.
0:12 of 2nd period - Shot Blocked by Brent Burns.
0:14 of 2nd period - Shot by Ryan Kesler.
0:14 of 2nd period - Stopped by Sergei Bobrovsky without a rebound.
0:15 of 2nd period - Patrice Bergeron wins face-off versus Mikael Granlund in CAROLINA zone.
0:24 of 2nd period - Shot by Patrice Bergeron.
0:24 of 2nd period - Shot Blocked by Dmitry Orlov.
0:34 of 2nd period - Shot by Mikael Granlund.
0:34 of 2nd period - Stopped by Sergei Bobrovsky with a rebound.
0:46 of 2nd period - Mikael Granlund is hit by Michael Grabner and loses puck.
1:43 of 2nd period - Shot by Ryan Kesler.
1:43 of 2nd period - Stopped by Sergei Bobrovsky with a rebound.
1:47 of 2nd period - Shot by Ryan Kesler.
1:47 of 2nd period - Stopped by Sergei Bobrovsky without a rebound.
1:48 of 2nd period - Claude Giroux wins face-off versus Ryan Nugent-Hopkins in CAROLINA zone.
3:07 of 2nd period - Off-side.
3:08 of 2nd period - Ryan Kesler wins face-off versus Shane Prince in neutral zone.
3:32 of 2nd period - Shot by Thomas Hickey.
3:32 of 2nd period - Shot Misses the Net.
5:40 of 2nd period - Icing by Luke Schenn.
5:41 of 2nd period - Claude Giroux wins face-off versus Ryan Kesler in CAROLINA zone.
6:12 of 2nd period - Shot by Patrice Bergeron.
6:12 of 2nd period - Stopped by Matt Murray without a rebound.
6:13 of 2nd period - Torrey Mitchell wins face-off versus Jake Guentzel in NEW JERSEY zone.
6:13 of 2nd period - Torrey Mitchell is hit by Jeff Petry.
6:25 of 2nd period - Colin Miller is hit by Thomas Hickey and loses puck.
6:41 of 2nd period - Jake Guentzel is hit by Antoine Roussel and loses puck.
6:45 of 2nd period - Off-side.
6:46 of 2nd period - Patric Hornqvist wins face-off versus Zach Parise in neutral zone.
7:17 of 2nd period - Shot by Ryan Kesler.
7:17 of 2nd period - Shot Blocked by Brent Burns.
7:26 of 2nd period - Icing by Michael Grabner.
7:27 of 2nd period - Patrice Bergeron wins face-off versus Mikael Granlund in CAROLINA zone.
7:55 of 2nd period - Mikael Granlund is hit by Claude Giroux and loses puck.
8:06 of 2nd period - Shot by Evander Kane.
8:06 of 2nd period - Stopped by Sergei Bobrovsky without a rebound.
8:07 of 2nd period - Torrey Mitchell wins face-off versus Ryan Nugent-Hopkins in CAROLINA zone.
8:09 of 2nd period - Icing by Antoine Roussel.
8:10 of 2nd period - Ryan Kesler wins face-off versus Antoine Roussel in CAROLINA zone.
9:58 of 2nd period - Shot by Claude Giroux.
9:58 of 2nd period - Shot Misses the Net.
10:00 of 2nd period - Shot by Brent Burns.
10:00 of 2nd period - Stopped by Matt Murray without a rebound.
10:01 of 2nd period - Ryan Nugent-Hopkins wins face-off versus Patrice Bergeron in NEW JERSEY zone.
10:09 of 2nd period - Ryan Nugent-Hopkins is hit by Luke Schenn and loses puck.
10:28 of 2nd period - Shot by Tom Kuhnhackl.
10:28 of 2nd period - Stopped by Sergei Bobrovsky without a rebound.
10:29 of 2nd period - Ryan Kesler wins face-off versus Shane Prince in CAROLINA zone.
10:36 of 2nd period - Shot by Anders Lee.
10:36 of 2nd period - Stopped by Sergei Bobrovsky without a rebound.
10:37 of 2nd period - Ryan Kesler wins face-off versus Claude Giroux in CAROLINA zone.
10:43 of 2nd period - Icing by Paul Martin.
10:44 of 2nd period - Claude Giroux wins face-off versus Ryan Kesler in CAROLINA zone.
10:44 of 2nd period - Claude Giroux is hit by Anders Lee.
10:47 of 2nd period - Icing by Alexander Steen.
10:48 of 2nd period - Ryan Kesler wins face-off versus Claude Giroux in CAROLINA zone.
11:29 of 2nd period - Claude Giroux is hit by Patric Hornqvist and loses puck.
11:44 of 2nd period - Shot by Patrice Bergeron.
11:44 of 2nd period - Stopped by Matt Murray without a rebound.
11:45 of 2nd period - Ryan Nugent-Hopkins wins face-off versus Patrice Bergeron in NEW JERSEY zone.
12:04 of 2nd period - Zach Parise is hit by Tom Kuhnhackl and loses puck.
12:10 of 2nd period - Shea Weber is hit by Jake Muzzin and loses puck.
12:36 of 2nd period - Off-side.
12:37 of 2nd period - Mikael Granlund wins face-off versus Claude Giroux in neutral zone.
12:51 of 2nd period - Shot by Claude Giroux.
12:51 of 2nd period - Shot Misses the Net.
12:53 of 2nd period - Shot by Vladimir Tarasenko.
12:53 of 2nd period - Stopped by Matt Murray without a rebound.
12:54 of 2nd period - Torrey Mitchell wins face-off versus Ryan Kesler in NEW JERSEY zone.
12:54 of 2nd period - Michael Cammalleri is hit by Dion Phaneuf.
12:56 of 2nd period - Shot by Antoine Roussel.
12:56 of 2nd period - Deflect By Torrey Mitchell.
12:56 of 2nd period - Stopped by Matt Murray without a rebound.
12:56 of 2nd period - Minor Penalty to Dion Phaneuf for Tripping.
12:57 of 2nd period - Ryan Kesler wins face-off versus Vladimir Tarasenko in NEW JERSEY zone.
14:17 of 2nd period - Off-side.
14:18 of 2nd period - Ryan Nugent-Hopkins wins face-off versus Claude Giroux in neutral zone.
14:30 of 2nd period - Icing by Brent Burns.
14:31 of 2nd period - Ryan Kesler wins face-off versus Claude Giroux in CAROLINA zone.
14:49 of 2nd period - Icing by Claude Giroux.
14:50 of 2nd period - Ryan Nugent-Hopkins wins face-off versus Claude Giroux in CAROLINA zone.
15:54 of 2nd period - Shot by Scottie Upshall.
15:54 of 2nd period - Shot Misses the Net.
16:23 of 2nd period - Shot by Blake Comeau.
16:23 of 2nd period - Stopped by Matt Murray without a rebound.
16:24 of 2nd period - Ryan Kesler wins face-off versus Claude Giroux in NEW JERSEY zone.
16:47 of 2nd period - Shot by Vladimir Tarasenko.
16:47 of 2nd period - Stopped by Matt Murray without a rebound.
16:48 of 2nd period - Patrice Bergeron wins face-off versus Mikael Granlund in NEW JERSEY zone.
16:53 of 2nd period - Shot by Michael Grabner.
16:53 of 2nd period - Shot Misses the Net.
17:07 of 2nd period - Shot by Dmitry Orlov.
17:07 of 2nd period - Shot Misses the Net.
17:09 of 2nd period - Shot by Jake Muzzin.
17:09 of 2nd period - Stopped by Sergei Bobrovsky without a rebound.
17:09 of 2nd period - Minor Penalty to Luke Schenn for Interference.
17:10 of 2nd period - Vladimir Tarasenko wins face-off versus Ryan Kesler in CAROLINA zone.
17:19 of 2nd period - Shot by Dougie Hamilton.
17:19 of 2nd period - Shot Misses the Net.
17:38 of 2nd period - Vladimir Tarasenko is hit by Patric Hornqvist and loses puck.
17:45 of 2nd period - Patric Hornqvist is hit by Vladimir Tarasenko.
17:53 of 2nd period - Shot by Dion Phaneuf.
17:53 of 2nd period - Shot Blocked by Shayne Gostisbehere.
18:00 of 2nd period - Icing by Dougie Hamilton.
18:01 of 2nd period - Claude Giroux wins face-off versus Ryan Kesler in NEW JERSEY zone.
18:24 of 2nd period - Shot by Jake Muzzin.
18:24 of 2nd period - Shot Misses the Net.
19:14 of 2nd period - Torrey Mitchell is hit by Jeff Petry and loses puck.
19:32 of 2nd period - Tom Kuhnhackl is hit by Shea Weber and loses puck.
19:42 of 2nd period - Tom Kuhnhackl is hit by Shea Weber and loses puck.
Goals for this period are 0 for NEW JERSEY vs 0 for CAROLINA.
Shots for this period are 8 for NEW JERSEY vs 7 for CAROLINA.

3rd period


0:01 of 3rd period - Claude Giroux wins face-off versus Ryan Kesler in neutral zone.
0:12 of 3rd period - Shot by Anders Lee.
0:12 of 3rd period - Shot Misses the Net.
0:14 of 3rd period - Shot by Patric Hornqvist.
0:14 of 3rd period - Shot Misses the Net.
0:24 of 3rd period - Shot by Anders Lee.
0:24 of 3rd period - Stopped by Sergei Bobrovsky without a rebound.
0:25 of 3rd period - Patrice Bergeron wins face-off versus Mikael Granlund in CAROLINA zone.
0:25 of 3rd period - Patrice Bergeron is hit by Evander Kane.
0:30 of 3rd period - Patrice Bergeron is hit by Dmitry Orlov and loses puck.
0:43 of 3rd period - Shot by Jake Muzzin.
0:43 of 3rd period - Shot Misses the Net.
1:15 of 3rd period - Evander Kane is hit by Zach Parise and loses puck.
1:26 of 3rd period - Shayne Gostisbehere is hit by Evander Kane.
1:46 of 3rd period - Shot by Ryan Kesler.
1:46 of 3rd period - Shot Misses the Net.
2:20 of 3rd period - Shot by Patric Hornqvist.
2:20 of 3rd period - Shot Misses the Net.
2:28 of 3rd period - Shot by Vladimir Tarasenko.
2:28 of 3rd period - Shot Misses the Net.
2:50 of 3rd period - Shot by Brent Burns.
2:50 of 3rd period - Shot Misses the Net.
2:52 of 3rd period - Shot by Brent Burns.
2:52 of 3rd period - Shot Misses the Net.
2:54 of 3rd period - Shot by Vladimir Tarasenko.
2:54 of 3rd period - Stopped by Matt Murray without a rebound.
2:55 of 3rd period - Anthony Duclair wins face-off versus Torrey Mitchell in NEW JERSEY zone.
4:06 of 3rd period - Icing by Shane Prince.
4:07 of 3rd period - Shane Prince wins face-off versus Mikael Granlund in CAROLINA zone.
4:39 of 3rd period - Icing by Dmitry Orlov.
4:40 of 3rd period - Claude Giroux wins face-off versus Mikael Granlund in NEW JERSEY zone.
5:10 of 3rd period - Alexander Steen is hit by Evander Kane and loses puck.
5:25 of 3rd period - Shot by Patric Hornqvist.
5:25 of 3rd period - Stopped by Sergei Bobrovsky without a rebound.
5:26 of 3rd period - Ryan Kesler wins face-off versus Patrice Bergeron in CAROLINA zone.
5:38 of 3rd period - Icing by Shayne Gostisbehere.
5:39 of 3rd period - Patrice Bergeron wins face-off versus Jake Guentzel in CAROLINA zone.
6:02 of 3rd period - Shot by Patrice Bergeron.
6:02 of 3rd period - Shot Misses the Net.
7:16 of 3rd period - Shot by Anders Lee.
7:16 of 3rd period - Goal by Anders Lee - NEW JERSEY : 1 - CAROLINA : 0.
7:17 of 3rd period - Mikael Granlund wins face-off versus Torrey Mitchell in neutral zone.
8:06 of 3rd period - Icing by Thomas Hickey.
8:07 of 3rd period - Ryan Kesler wins face-off versus Torrey Mitchell in CAROLINA zone.
8:14 of 3rd period - Shot by Anders Lee.
8:14 of 3rd period - Stopped by Sergei Bobrovsky without a rebound.
8:15 of 3rd period - Claude Giroux wins face-off versus Ryan Kesler in CAROLINA zone.
8:24 of 3rd period - Shot by Claude Giroux.
8:24 of 3rd period - Stopped by Matt Murray without a rebound.
8:25 of 3rd period - Ryan Nugent-Hopkins wins face-off versus Claude Giroux in NEW JERSEY zone.
9:18 of 3rd period - Shot by Patric Hornqvist.
9:18 of 3rd period - Shot Misses the Net.
9:20 of 3rd period - Shot by Ryan Kesler.
9:20 of 3rd period - Goal by Ryan Kesler - NEW JERSEY : 2 - CAROLINA : 0.
9:21 of 3rd period - Patrice Bergeron wins face-off versus Mikael Granlund in neutral zone.
10:03 of 3rd period - Icing by Luke Schenn.
10:04 of 3rd period - Ryan Kesler wins face-off versus Michael Grabner in CAROLINA zone.
10:11 of 3rd period - Luke Schenn is hit by Patric Hornqvist and loses puck.
10:33 of 3rd period - Shot by Ryan Kesler.
10:33 of 3rd period - Stopped by Sergei Bobrovsky without a rebound.
10:34 of 3rd period - Ryan Nugent-Hopkins wins face-off versus Claude Giroux in CAROLINA zone.
10:46 of 3rd period - Icing by Jake Muzzin.
10:47 of 3rd period - Ryan Nugent-Hopkins wins face-off versus Torrey Mitchell in NEW JERSEY zone.
11:02 of 3rd period - Shot by Anthony Duclair.
11:02 of 3rd period - Shot Blocked by Thomas Hickey.
11:04 of 3rd period - Shot by Tom Kuhnhackl.
11:04 of 3rd period - Stopped by Sergei Bobrovsky without a rebound.
11:05 of 3rd period - Ryan Kesler wins face-off versus Claude Giroux in CAROLINA zone.
12:01 of 3rd period - Icing by Shea Weber.
12:02 of 3rd period - Claude Giroux wins face-off versus Mikael Granlund in CAROLINA zone.
12:04 of 3rd period - Icing by Vladimir Tarasenko.
12:05 of 3rd period - Claude Giroux wins face-off versus Mikael Granlund in CAROLINA zone.
12:05 of 3rd period - Claude Giroux is hit by Evander Kane.
12:19 of 3rd period - Shot by Patrick Sharp.
12:19 of 3rd period - Stopped by Sergei Bobrovsky without a rebound.
12:20 of 3rd period - Ryan Nugent-Hopkins wins face-off versus Patrice Bergeron in CAROLINA zone.
12:20 of 3rd period - Ryan Nugent-Hopkins is hit by Luke Schenn.
12:30 of 3rd period - Shot by Michael Grabner.
12:30 of 3rd period - Shot Blocked by Jeff Petry.
12:44 of 3rd period - Shot by Tom Kuhnhackl.
12:44 of 3rd period - Shot Misses the Net.
12:46 of 3rd period - Shot by Tom Kuhnhackl.
12:46 of 3rd period - Shot Blocked by Michael Grabner.
12:48 of 3rd period - Shot by Ryan Nugent-Hopkins.
12:48 of 3rd period - Stopped by Sergei Bobrovsky without a rebound.
12:49 of 3rd period - Ryan Kesler wins face-off versus Torrey Mitchell in CAROLINA zone.
12:54 of 3rd period - Shot by Patric Hornqvist.
12:54 of 3rd period - Stopped by Sergei Bobrovsky without a rebound.
12:55 of 3rd period - Ryan Kesler wins face-off versus Torrey Mitchell in CAROLINA zone.
12:57 of 3rd period - Anders Lee is hit by Thomas Hickey and loses puck.
13:01 of 3rd period - Ryan Kesler is hit by Paul Martin and loses puck.
13:32 of 3rd period - Ryan Kesler is hit by Antoine Roussel and loses puck.
13:57 of 3rd period - Shot by Mikael Granlund.
13:57 of 3rd period - Shot Blocked by Paul Martin.
13:59 of 3rd period - Shot by Mikael Granlund.
13:59 of 3rd period - Shot Hit the Post.
14:07 of 3rd period - Shot by Patrick Sharp.
14:07 of 3rd period - Shot Blocked by Thomas Hickey.
14:09 of 3rd period - Shot by Evander Kane.
14:09 of 3rd period - Shot Misses the Net.
14:11 of 3rd period - Shot by Mikael Granlund.
14:11 of 3rd period - Stopped by Sergei Bobrovsky without a rebound.
14:12 of 3rd period - Claude Giroux wins face-off versus Ryan Nugent-Hopkins in CAROLINA zone.
14:30 of 3rd period - Shot by Ryan Nugent-Hopkins.
14:30 of 3rd period - Stopped by Sergei Bobrovsky without a rebound.
14:31 of 3rd period - Mikael Granlund wins face-off versus Patrice Bergeron in CAROLINA zone.
14:36 of 3rd period - Shot by Mikael Granlund.
14:36 of 3rd period - Stopped by Sergei Bobrovsky with a rebound.
14:41 of 3rd period - Off-side.
14:42 of 3rd period - Claude Giroux wins face-off versus Ryan Kesler in neutral zone.
14:49 of 3rd period - Shot by Vladimir Tarasenko.
14:49 of 3rd period - Stopped by Matt Murray with a rebound.
14:55 of 3rd period - Shot by Claude Giroux.
14:55 of 3rd period - Stopped by Matt Murray without a rebound.
14:56 of 3rd period - Patrice Bergeron wins face-off versus Mikael Granlund in NEW JERSEY zone.
14:57 of 3rd period - Shot by Zach Parise.
14:57 of 3rd period - Shot Blocked by Jake Muzzin.
15:15 of 3rd period - Shot by Mikael Granlund.
15:15 of 3rd period - Shot Blocked by Patrice Bergeron.
15:17 of 3rd period - Shot by Mikael Granlund.
15:17 of 3rd period - Shot Misses the Net.
15:19 of 3rd period - Shot by Jake Muzzin.
15:19 of 3rd period - Goal by Jake Muzzin - NEW JERSEY : 3 - CAROLINA : 0.
15:20 of 3rd period - Ryan Kesler wins face-off versus Claude Giroux in neutral zone.
15:22 of 3rd period - Off-side.
15:23 of 3rd period - Claude Giroux wins face-off versus Anders Lee in neutral zone.
15:23 of 3rd period - Alexander Steen is hit by Anders Lee and loses puck.
15:31 of 3rd period - Vladimir Tarasenko is hit by Dion Phaneuf and loses puck.
15:46 of 3rd period - Off-side.
15:47 of 3rd period - Mikael Granlund wins face-off versus Michael Grabner in neutral zone.
16:09 of 3rd period - Mikael Granlund is hit by Luke Schenn and loses puck.
16:12 of 3rd period - Shot by Evander Kane.
16:12 of 3rd period - Shot Blocked by Shayne Gostisbehere.
16:16 of 3rd period - Shot by Evander Kane.
16:16 of 3rd period - Goal by Evander Kane - NEW JERSEY : 4 - CAROLINA : 0.
16:17 of 3rd period - Claude Giroux wins face-off versus Ryan Kesler in neutral zone.
17:30 of 3rd period - Minor Penalty to Jeff Petry for Hooking.
17:31 of 3rd period - Claude Giroux wins face-off versus Ryan Kesler in NEW JERSEY zone.
17:31 of 3rd period - Zach Parise is hit by Jake Muzzin and loses puck.
18:08 of 3rd period - Icing by Zach Parise.
18:09 of 3rd period - Claude Giroux wins face-off versus Ryan Kesler in CAROLINA zone.
18:09 of 3rd period - Claude Giroux is hit by Ryan Kesler.
18:37 of 3rd period - Shot by Alexander Steen.
18:37 of 3rd period - Stopped by Matt Murray without a rebound.
18:38 of 3rd period - Patrice Bergeron wins face-off versus Ryan Nugent-Hopkins in NEW JERSEY zone.
18:41 of 3rd period - Shot by Shea Weber.
18:41 of 3rd period - Stopped by Matt Murray with a rebound.
18:43 of 3rd period - Shot by Brent Burns.
18:43 of 3rd period - Shot Misses the Net.
18:45 of 3rd period - Shot by Brent Burns.
18:45 of 3rd period - Stopped by Matt Murray with a rebound.
18:47 of 3rd period - Shot by Brent Burns.
18:47 of 3rd period - Shot Blocked by Dmitry Orlov.
18:49 of 3rd period - Shot by Alexander Steen.
18:49 of 3rd period - Shot Misses the Net.
18:51 of 3rd period - Shot by Brent Burns.
18:51 of 3rd period - Shot Blocked by Dmitry Orlov.
18:53 of 3rd period - Shot by Brent Burns.
18:53 of 3rd period - Shot Misses the Net.
18:55 of 3rd period - Shot by Brent Burns.
18:55 of 3rd period - Stopped by Matt Murray with a rebound.
18:57 of 3rd period - Shot by Vladimir Tarasenko.
18:57 of 3rd period - Shot Misses the Net.
18:59 of 3rd period - Shot by Brent Burns.
18:59 of 3rd period - Shot Blocked by Jake Muzzin.
19:08 of 3rd period - Icing by Brent Burns.
19:09 of 3rd period - Ryan Kesler wins face-off versus Vladimir Tarasenko in CAROLINA zone.
19:09 of 3rd period - Ryan Kesler is hit by Brent Burns.
19:21 of 3rd period - Shot by Vladimir Tarasenko.
19:21 of 3rd period - Shot Blocked by Jake Muzzin.
19:23 of 3rd period - Shot by Brent Burns.
19:23 of 3rd period - Shot Blocked by Dmitry Orlov.
19:58 of 3rd period - Double Minor Penalty to Jake Guentzel for Roughing.
19:59 of 3rd period - Claude Giroux wins face-off versus Ryan Kesler in NEW JERSEY zone.
Goals for this period are 4 for NEW JERSEY vs 0 for CAROLINA.
Shots for this period are 15 for NEW JERSEY vs 8 for CAROLINA.